 Dungeon Crawl Stone Soup version 0.29.0-7-g18a832c13a (webtiles) character file.

Game seed: 5305558268710837673

67 apoch the Covered (level 3, -3/33 HPs)
             Began as a Minotaur Fighter on Aug 31, 2022.
             Succumbed to an orc wizard's poison
             ... on level 3 of the Dungeon.
             The game lasted 00:03:43 (2168 turns).

apoch the Covered (Minotaur Fighter)                Turns: 2168, Time: 00:03:43

Health: -3/33      AC: 13    Str: 26    XL:     3   Next: 98%
Magic:  2/2        EV:  9    Int:  5    God:
Gold:   103        SH:  4    Dex: 11    Spells: 2/2 levels left

rFire   . . .      SeeInvis .   a - +0 war axe
rCold   . . .      Faith    .   c - +0 buckler
rNeg    . . .      Spirit   .   b - +0 scale mail
rPois   .          Reflect  .   (helmet restricted)
rElec   .          Harm     .   g - +0 cloak
rCorr   .          Rampage  .   m - +2 pair of gloves
Will    .....                   k - +1 pair of boots
Stlth   ..........              (no amulet)
HPRegen 0.11/turn               f - +6 ring of strength
MPRegen 0.08/turn               (no ring)

@: lethally poisoned (-3 -> -40)
A: horns 2, retaliatory headbutt
a: no special abilities


You were on level 3 of the Dungeon.
You visited 1 branch of the dungeon, and saw 3 of its levels.

You collected 103 gold pieces.

Inventory:

Hand Weapons
 a - a +0 war axe (weapon)
Missiles
 i - 3 curare-tipped darts
 n - 2 poisoned darts
 q - 6 stones (quivered)
Armour
 b - a +0 scale mail (worn)
 c - a +0 buckler (worn)
 g - a +0 cloak (worn)
 k - a +1 pair of boots (worn)
 m - a +2 pair of gloves (worn)
Jewellery
 f - a +6 ring of strength (left hand)
Scrolls
 e - a scroll of noise {unknown}
 h - a scroll of amnesia {unknown}
 j - 2 scrolls of identify {unknown}
 l - 4 scrolls of fear {unknown}
 p - a scroll of enchant armour {unknown}
Potions
 d - 2 potions of might
 o - a potion of attraction {unknown}


   Skills:
 + Level 4.2 Fighting
 * Level 4.1 Axes
 + Level 4.3 Armour
 - Level 3.6 Shields


You had 2 spell levels left.
You didn't know any spells.
Your spell library contained the following spells:

 Spells                   Type           Power      Damage    Failure   Level
 Apportation              Tloc           0%         N/A       83%         1
 Necrotise                Necr           0%         1d4       83%         1
 Summon Small Mammal      Summ           0%         N/A       83%         1
 Blade Hands              Tmut           0%         N/A       100%        5
 Irradiate                Conj/Tmut      0%         3d11      100%        5
 Dragon Form              Tmut           0%         N/A       100%        7


Dungeon Overview and Level Annotations

Branches:
Dungeon (3/15)

Altars:


Innate Abilities, Weirdness & Mutations

You have a pair of horns on your head.
You reflexively headbutt those who attack you in melee.


Message History

Unknown command.
You hit the worm.
The worm is severely wounded.
The worm barely misses you.
You hit the worm.
The worm is almost dead.
The worm completely misses you.
You slash the worm!
You kill the worm!
You closely miss the orc wizard.
The orc wizard hits you but does no damage.
You are poisoned.
You hit the orc wizard. You headbutt the orc wizard!
The orc wizard is severely wounded.
You feel very sick.
The orc wizard points at you and mumbles some strange words.
The puff of flame hits you but does no damage.
The orc wizard mumbles some strange words.
The orc wizard flickers and vanishes!
Deactivating autopickup; reactivate with Ctrl-A.
You closely miss something.
You feel sick. Something hits you but does no damage.
You are more poisoned.
You closely miss something. Your headbutt misses something.
You feel very sick. Something hits you but does no damage.
You are lethally poisoned!
You miss something.
You feel extremely sick. Something hits you but does no damage.
You are more poisoned.
Something hits you but does no damage.
You are more poisoned.
You miss something.
* * * LOW HITPOINT WARNING * * *
You feel extremely sick. Something hits you but does no damage.
You are more poisoned.
You barely miss something. Your headbutt misses something.
You die...

# #$ # .o. #######.#
#.. #.@.....# ..
#{######### #.###.#
#<# ## #.[...# #.#
+..+#####..# #.#
#.........#######.####
#....................#
#....†.....######.##.#
#..........# #.##.#


There were no monsters in sight!

Vanquished Creatures
  An adder (D:2)
  2 worms (D:3)
  3 dart slugs (D:1)
  An orc (D:2)
  4 endoplasms
  4 giant cockroaches
  3 goblins
  6 hobgoblins
  2 kobolds (D:2)
  A quokka (D:1)
  5 ball pythons
  4 bats
  2 frilled lizards
  6 rats
44 creatures vanquished.

Notes
Turn   | Place    | Note
-------+----------+-------------------------------------------
     0 | D:1      | apoch the Minotaur Fighter began the quest for the Orb.
     0 | D:1      | Reached XP level 1. HP: 19/19 MP: 0/0
   475 | D:1      | Reached XP level 2. HP: 25/27 MP: 1/1
   957 | D:1      | Reached XP level 3. HP: 31/33 MP: 2/2
  2168 | D:3      | Succumbed to an orc wizard's poison

Illustrated notes

Levels and vault maps discovered:
D:1:      lightli_arrival_boilingwater, layout_basic
D:2:      layout_loops_ring
D:3:      layout_basic, nicolae_overflow_hallway_of_the_gods,
          nicolae_qazlal_general_emergency, kennysheep_generic_room_10,
          uniq_sigmund, uniq_jessica

Skill      XL: |  1  2  3 |
---------------+----------+-----
Axes           | 3 4 |  4.1
Armour         | 4 |  4.3
Fighting       | 4 |  4.2
Shields        | |  3.6

Action                   || total
-------------------------++-------
Melee: War axe           ||    88
       Headbutt          ||     9
Throw: Stone             ||    19
Armor: Scale mail        ||    39
Dodge: Dodged            ||    32
Block: Buckler           ||    18
